 Dungeon Crawl Stone Soup version 0.24.0-37-gcf1ca852f1 (webtiles) character file.

Game seed: 14061994001786750267, levelgen mode: deterministic

639 Ponchio the Digger (level 7, -2/36 HPs)
             Began as a Gargoyle Earth Elementalist on Nov 21, 2019.
             Was an Initiate of Vehumet.
             Slain by an ogre
             ... wielding a +0 giant club
              (10 damage)
             ... on level 5 of the Dungeon.
             The game lasted 00:16:24 (5083 turns).

Ponchio the Digger (Gargoyle Earth Elementalist)    Turns: 5083, Time: 00:16:25

Health: -2/36      AC:  7    Str: 11    XL:     7   Next: 51%
Magic:  14/15      EV: 12    Int: 18    God:    Vehumet [......]
Gold:   289        SH:  0    Dex: 10    Spells: 7/17 levels left

rFire    . . .     SeeInvis .   q - +1 dagger (venom)
rCold    . . .     Gourm    .   (no shield)
rNeg     + . .     Faith    .   c - +1 robe
rPois    ∞         Spirit   .   (no helmet)
rElec    +         Reflect  .   (no cloak)
rCorr    .         Harm     .   (no gloves)
MR       +....                  (no boots)
Stlth    ++........             (no amulet)
HPRegen  0.12/turn              e - ring of protection from magic
MPRegen  0.14/turn              (no ring)

@: no status effects
A: negative energy resistance 1, electricity resistance, unbreathing,
petrification resistance, rot immunity, AC +4
a: Renounce Religion


You were on level 5 of the Dungeon.
You worshipped Vehumet.
Vehumet was noncommittal.
You were very hungry.

You visited 2 branches of the dungeon, and saw 6 of its levels.

You collected 289 gold pieces.

Inventory:

Hand Weapons
 q - a +1 dagger of venom (weapon)
Missiles
 b - 23 stones (quivered)
Armour
 c - a +1 robe (worn)
 j - a +2 shield
Jewellery
 e - a ring of protection from magic (left hand)
Wands
 k - a wand of disintegration (11)
 r - a wand of paralysis (11)
Scrolls
 f - a scroll of remove curse
 m - 4 scrolls of teleportation
 p - 2 scrolls of magic mapping
Potions
 a - 4 potions of flight
 g - a potion of magic
 h - a potion of curing {unknown}
 i - a potion of brilliance {unknown}
 l - 2 potions of berserk rage {unknown}
 n - a potion of mutation {unknown}
 o - a potion of invisibility {unknown}
Comestibles
 d - 4 rations


   Skills:
 - Level 1.5 Dodging
 - Level 2.1 Stealth
 * Level 5.5 Spellcasting
 - Level 0.7 Transmutations
 + Level 7.4 Earth Magic


You had 7 spell levels left.
You knew the following spells:

 Your Spells              Type           Power        Failure   Level  Hunger
a - Sandblast             Erth           ####..       1%          1    None
b - Passwall              Tmut/Erth      ###.....     3%          2    None
c - Stone Arrow           Conj/Erth      ###...       9%          3    ##.....
d - Petrify               Tmut/Erth      ###.....     22%         4    ####...

Your spell library contained the following spells:

 Spells                   Type           Power        Failure   Level  Hunger
 Lee's Rapid Deconstruct  Erth           ####......   16%         5    #####..


Dungeon Overview and Level Annotations

Branches:
Dungeon (5/15)             Temple (1/1) D:5

Altars:
Ashenzari
Cheibriados
Dithmenos
Elyvilon
Fedhas
Gozag
Kikubaaqudgha
Nemelex Xobeh
Okawaru
Qazlal
Ru
Sif Muna
Uskayaw
Vehumet
Wu Jian
Xom
Yredelemnul
Zin
The Shining One


Innate Abilities, Weirdness & Mutations

You are resistant to torment.
Your stone body is resilient. (AC +4)
You are immune to poison.
You resist negative energy. (rN+)
You are resistant to electric shocks. (rElec)
You can survive without breathing.
You are immune to petrification.
You are immune to rotting.


Message History

There is a staircase to the Ecumenical Temple here.
Found a leather armour.
r - a wand of paralysis (11)
An ogre comes into view. It is wielding a +0 giant club.
The helpless ogre fails to defend itself.
You puncture the ogre!
The ogre is poisoned.
The ogre is moderately wounded.
The ogre hits you with a +0 giant club!!
Ouch! That really hurt!
* * * LOW HITPOINT WARNING * * *
Casting: Sandblast (safe; 1% risk of failure)
Confirm with . or Enter, or press ? or * to list all spells.
Aiming: Sandblast (safe; 1% risk of failure)
Press: ? - help, Shift-Dir - straight line, f - ogre
Aim: an ogre, wielding a +0 giant club (moderately wounded, poisoned)
The blast of sand hits the ogre!
The ogre is heavily wounded.
b - 23 stones The ogre hits you with a +0 giant club!
You die...

#...# #...# ### #...#
#.. #...# #.#
#####...########O#
...............#@#.##.#
........................
...............#.%######
####.....########.#
#.......# .# #.......#
.# #.......# .#
##..[..## .# ##...##


You could see an ogre.

Vanquished Creatures
  An ogre (D:4)
  A scorpion (D:4)
  A crimson imp (D:5)
  A bullfrog zombie (D:5)
  5 orc wizards
  A bullfrog skeleton (D:5)
  2 iguanas (D:4)
  3 worker ants
  3 adders (D:4)
  3 gnolls
  An ooze (D:4)
  A worm (D:2)
  2 dart slugs
  4 leopard geckos
  7 orcs
  6 giant cockroaches
  6 goblins
  7 hobgoblins
  10 jackals
  4 quokkas
  A ball python (D:3)
  7 bats
  6 frilled lizards
  A jackal zombie (D:5)
  10 kobolds
  6 rats
100 creatures vanquished.

Notes
Turn   | Place    | Note
-------+----------+-------------------------------------------
     0 | D:1      | Ponchio the Gargoyle Earth Elementalist began the quest for
                  | the Orb.
     0 | D:1      | Reached XP level 1. HP: 10/10 MP: 3/3
   130 | D:1      | Reached XP level 2. HP: 15/15 MP: 0/5
   200 | D:1      | Reached skill level 4 in Earth Magic
   711 | D:1      | Reached XP level 3. HP: 19/19 MP: 4/6
  2615 | D:3      | Reached skill level 5 in Earth Magic
  2615 | D:3      | Reached XP level 4. HP: 23/24 MP: 8/8
  3040 | D:3      | Reached XP level 5. HP: 28/28 MP: 6/10
  3228 | D:3      | Found a faded altar of an unknown god.
  3502 | D:3      | Found a blossoming altar of Fedhas.
  3595 | D:3      | Learned a level 2 spell: Passwall
  3599 | D:3      | Learned a level 3 spell: Stone Arrow
  3605 | D:3      | Learned a level 4 spell: Petrify
  3747 | D:4      | Found a white marble altar of Elyvilon.
  3749 | D:4      | Found a snail-covered altar of Cheibriados.
  3754 | D:4      | Reached skill level 6 in Earth Magic
  3754 | D:4      | Reached XP level 6. HP: 32/32 MP: 8/12
  3897 | D:4      | Found a shimmering blue altar of Sif Muna.
  3900 | D:4      | Found a sparkling altar of Nemelex Xobeh.
  3901 | D:4      | Found a hide-covered altar of Uskayaw.
  4220 | D:5      | Entered Level 5 of the Dungeon
  4355 | D:4      | Reached skill level 5 in Spellcasting
  4355 | D:4      | Reached skill level 7 in Earth Magic
  4355 | D:4      | Reached XP level 7. HP: 36/36 MP: 10/14
  4794 | D:5      | Found a staircase to the Ecumenical Temple.
  4820 | Temple   | Entered the Ecumenical Temple
  4930 | Temple   | Became a worshipper of Vehumet
  5083 | D:5      | Slain by an ogre

Levels and vault maps discovered:
D:1:      eino_arrival_cavern_b, layout_loops_corners
D:2:      layout_basic
D:3:      layout_basic, chequers_ecumenical_altar_island, fedhas_altar_1
D:4:      layout_basic, chequers_temple_overflow_statue_of_worship,
          grunt_temple_overflow_open, first_ration, grunt_decor_cap,
          led_sif_book
D:5:      layout_loops_cross, bloody_trog, minmay_temple_entry_overgrown
Temple:   regret_index_temple_generic_petals

Skill      XL: |  1  2  3  4  5  6 |
---------------+-------------------+-----
Earth Magic    | 4 5 6 7 |  7.4
Spellcasting   | 3 4 5 |  5.5
Dodging        | |  1.5
Stealth        | |  2.1
Transmutations | |  0.7

Action                   |  1- 3 |  4- 6 |  7- 9 || total
-------------------------+-------+-------+-------++-------
Melee: Unarmed           |    40 |       |       ||    40
       Dagger            |    42 |    12 |    35 ||    89
       Trident           |    28 |    38 |       ||    66
 Cast: Sandblast         |    46 |    70 |    10 ||   126
  Use: Scroll            |     4 |     4 |     1 ||     9
 Stab: Sleeping          |     5 |       |     1 ||     6
  Eat: Chunk             |     4 |     3 |     2 ||     9
       Ration            |       |     1 |       ||     1
Armor: Robe              |    45 |    37 |    15 ||    97
Dodge: Dodged            |    84 |    57 |    32 ||   173
